 Seeded DCSS version 0.25.1-8-g42b30a86e7 (webtiles) character file.

Game seed: 20201210 (custom seed)

131641 radhat240 the Peltast (level 16, -11/149 HPs)
             Began as a Minotaur Fighter on Dec 11, 2020.
             Was the Champion of Makhleb.
             Mangled by a deep troll (16 damage)
             ... on level 3 of the Depths.
             The game lasted 01:45:21 (19415 turns).

radhat240 the Peltast (Minotaur Fighter)           Turns: 19415, Time: 01:45:24

Health: -11/149    AC: 30    Str: 35    XL:     16   Next: 55%
Magic:  15/15      EV: 10    Int:  5    God:    Makhleb [******]
Gold:   1895       SH: 31    Dex:  9    Spells: 15/15 levels left

rFire    . . .     SeeInvis .   h - +4 war axe (vorpal)
rCold    . . .     Gourm    .   I - +2 tower shield {AC+3}
rNeg     . . .     Faith    .   n - +1 plate armour
rPois    .         Spirit   .   (helmet restricted)
rElec    .         Reflect  .   R - scarf {repulsion}
rCorr    .         Harm     .   t - +1 pair of gloves
MR       +....                  j - +2 pair of boots
Stlth    ..........             k - amulet of regeneration
HPRegen  0.74/turn              A - +4 ring of protection
MPRegen  0.14/turn              u - +6 ring of strength

@: about to teleport, lightly drained, repel missiles
A: retaliatory headbutt, horns 2, large bone plates 1, blurry vision 1
a: Minor Destruction, Lesser Servant of Makhleb, Major Destruction, Greater
Servant of Makhleb, Renounce Religion


You were on level 3 of the Depths.
You worshipped Makhleb.
Makhleb was exalted by your worship.
You were hungry.

You visited 4 branches of the dungeon, and saw 20 of its levels.
You also visited: Sewer, Bailey and Wizlab.

You collected 2044 gold pieces.
You spent 149 gold pieces at shops.

Inventory:

Hand Weapons
 h - a +4 vorpal war axe (weapon)
 x - a +1 war axe of flaming
 z - a +2 vampiric war axe
Armour
 j - a +2 pair of boots (worn)
 n - a +1 plate armour (worn)
 t - a +1 pair of gloves (worn)
 C - a scarf of invisibility
 G - a +1 cloak
 I - a +2 tower shield of protection (worn)
 R - a scarf of repulsion (worn)
Jewellery
 e - the ring of Keihuv {MR++ MP+9}
   (You found it in a bailey)

   [ring of magical power]

   It affects your resistance to hostile enchantments.
   It affects your magic capacity (+9).
 k - an amulet of regeneration (around neck)
 l - an uncursed amulet of faith
 p - an uncursed ring of protection from fire
 u - a +6 ring of strength (right hand)
 y - a +4 ring of protection
 A - a +4 ring of protection (left hand)
 F - an uncursed ring of see invisible
Wands
 B - a wand of random effects (26)
 E - a wand of polymorph (17)
Scrolls
 d - 4 scrolls of immolation
 o - 5 scrolls of amnesia
 q - 12 scrolls of remove curse
 r - 6 scrolls of teleportation
 w - a scroll of fog
 P - 4 scrolls of identify
Potions
 g - a potion of haste
 m - 2 potions of brilliance
 s - 2 potions of ambrosia
 v - 2 potions of magic
Miscellaneous
 b - a lightning rod (4/4)
 c - a phantom mirror
Comestibles
 f - 34 rations


   Skills:
 * Level 15.3(15.0) Fighting
 + Level 18.4(18.1) Axes
 * Level 14.0(13.7) Armour
 * Level 6.2(6.0) Dodging
 - Level 1.8(1.6) Stealth
 * Level 19.9(19.7) Shields
 - Level 0.9(0.7) Invocations
 - Level 0.1(0.0) Evocations


You had 15 spell levels left.
You didn't know any spells.
Your spell library contained the following spells:

 Spells                   Type           Power        Failure   Level  Hunger
 Animate Skeleton         Necr           N/A          99%         1    ##.....
 Apportation              Tloc           #.....       99%         1    ##.....
 Corona                   Hex            #......      99%         1    ##.....
 Sandblast                Erth           #.....       99%         1    ##.....
 Summon Small Mammal      Summ           #...         99%         1    ##.....
 Passwall                 Tmut/Erth      #.......     100%        2    ###....
 Swiftness                Chrm/Air       #.......     100%        2    ###....
 Stone Arrow              Conj/Erth      #.....       100%        3    ####...
 Ice Form                 Ice/Tmut       #.......     100%        4    #####..
 Passage of Golubria      Tloc           N/A          100%        4    #####..
 Petrify                  Tmut/Erth      #.......     100%        4    #####..
 Irradiate                Conj/Tmut      #.........   100%        5    ######.
 Lee's Rapid Deconstruct  Erth           #.........   100%        5    ######.
 Metabolic Englaciation   Hex/Ice        #.........   100%        5    ######.
 Darkness                 Hex            #.........   100%        6    #######
 Freezing Cloud           Conj/Ice/Air   #.........   100%        6    #######
 Hydra Form               Tmut           #.........   100%        6    #######
 Invisibility             Hex            #.......     100%        6    #######
 Ozocubu's Refrigeration  Ice            #.........   100%        6    #######
 Simulacrum               Ice/Necr       #.........   100%        6    #######
 Statue Form              Tmut/Erth      #........    100%        6    #######
 Dragon Form              Tmut           #.........   100%        7    #######


Dungeon Overview and Level Annotations

Branches:
Dungeon (15/15)            Temple (1/1) D:6            Lair (1/6) D:9
    Orc (0/2) D:11         Vaults (0/5) D:14         Depths (3/5) D:15
  Sewer (visited)          Bailey (visited)          WizLab (visited)

Altars:
Ashenzari
Cheibriados
Dithmenos
Elyvilon
Fedhas
Gozag
Hepliaklqana
Kikubaaqudgha
Makhleb
Nemelex Xobeh
Okawaru
Ru
Trog
Uskayaw
Vehumet
Wu Jian
Xom
Yredelemnul

Shops:
D:12 [   D:13 [:   Depths:1 =:=}=*

Portals:
Hell: Depths:1 Depths:2
Abyss: Depths:1
Pandemonium: Depths:1 Depths:2


Innate Abilities, Weirdness & Mutations

You reflexively headbutt those who attack you in melee.
You have a pair of horns on your head.
You are partially covered in large bone plates. (SH +4)
Scrolls take you a little longer to read.


Message History

You slash the fire dragon!
The fire dragon is lightly wounded.
You hit the deep troll. You slash the deep troll!
You closely miss the deep troll.
You hit the deep troll but do no damage.
You closely miss the deep troll.
Your shield and plate armour prevent you from hitting the deep troll shaman.
You block the deep troll's attack. The deep troll claws you!
* * * LOW HITPOINT WARNING * * *
You block the deep troll's attack. You block the fire dragon's attack. x3
The deep troll bites you but does no damage.
The deep troll claws you but does no damage.
The deep troll claws you!
* * * LOW HITPOINT WARNING * * *
The deep troll shaman bites you!
* * * LOW HITPOINT WARNING * * *
The deep troll shaman claws you but does no damage.
The deep troll shaman closely misses you.
The deep troll bites you!
You die...

.................
.................
.................
........###.#####
........# #.#
........#####.#######
.............R......#
...............TTT..#
.....>..........@T..#
##########.....TDTT.#
#########TT.# ......
##############......
....................
........Q...... ....
............... ....
.......<..F...^


You could see a fire dragon, an iron troll, a rakshasa, 7 deep trolls and a deep
troll shaman.

Vanquished Creatures
  A lich (Depths:2)
  A sphinx (Depths:1)
  Gastronok (D:11)
  A frost giant (Depths:2)
  6 fire giants
  An orc warlord (Bailey)
  A juggernaut zombie (WizLab)
  A spriggan defender (Depths:2)
  3 stone giants (Depths:2)
  2 very ugly things
  A green death (Depths:2)
  3 ettins
  2 yaktaur captains (Depths:2)
  Harold (D:7)
  5 fire dragons
  3 great orbs of eyes
  Erolcha (D:9)
  A hydra (D:11)
  4 rakshasas (Depths:2)
  A vault guard (D:14)
  2 ice dragons
  A spriggan air mage (Depths:2)
  Erica (D:9)
  2 centaur warriors
  6 tengu warriors
  6 ogre magi
  19 two-headed ogres
  2 deep troll shamans (Depths:1)
  A death yak (D:9)
  4 hell hogs (Depths:1)
  A deep troll earth mage (Depths:3)
  2 spriggan berserkers (Depths:2)
  An iron troll (Depths:1)
  A sixfirhy (Depths:2)
  A salamander mystic (Depths:1)
  A spark wasp zombie (Depths:2)
  4 unseen horrors
  An infernal demonspawn (Depths:2)
  5 deep trolls (Depths:1)
  A wizard (Depths:1)
  A flayed ghost (Depths:1)
  Pikel (D:5)
  A necromancer (Depths:2)
  A harpy (shapeshifter) (D:15)
  4 salamanders (Depths:1)
  An orc knight (Bailey)
  3 deep elf magi
  20 ugly things
  2 cyclopes (D:12)
  2 manticores
  Joseph (D:8)
  A black mamba (shapeshifter) (D:15)
  An elephant (shapeshifter) (Depths:2)
  A gargoyle (D:12)
  An eye of devastation (shapeshifter) (D:15)
  4 orange demons (D:13)
  Psyche (D:9)
  6 centaur skeletons
  22 yaktaurs
  A redback zombie (D:14)
  A komodo dragon (shapeshifter) (D:15)
  A freezing wraith (D:15)
  A hellwing (Depths:2)
  A spriggan skeleton (Depths:2)
  4 red devils
  3 meliai (D:14)
  3 tengu conjurers
  2 trolls
  2 hornets (Depths:2)
  12 slime creatures
  A raiju (shapeshifter) (Depths:2)
  A blink frog (shapeshifter) (D:15)
  A spriggan zombie (Depths:2)
  2 dream sheep (D:11)
  5 hippogriffs
  A centaur simulacrum (D:14)
  3 water elementals (Depths:1)
  2 spriggans (Depths:2)
  3 vampires
  A wraith (D:10)
  3 shadows
  A basilisk (D:9)
  4 wyverns
  A chaos spawn (Depths:2)
  A human (shapeshifter) (D:14)
  29 yaks
  8 fire bats (Depths:1)
  2 steam dragons
  2 hungry ghosts (D:11)
  A golden eye (shapeshifter) (D:15)
  4 vampire mosquitoes (D:12)
  A water moccasin (D:9)
  2 acid dragons
  3 hell hounds (Depths:1)
  A floating eye (Depths:2)
  2 eyes of draining (shapeshifter) (D:15)
  2 ice beasts
  3 sky beasts
  19 orc warriors
  3 phantoms
  A hornet zombie (D:15)
  A black bear (D:7)
  10 ogres
  An eye of draining (D:11)
  4 boggarts (D:15)
  A necrophage (D:11)
  10 centaurs
  6 crocodiles
  5 big kobolds
  2 wyvern zombies
  14 bullfrogs
  A wyvern skeleton (D:10)
  3 scorpions
  A troll zombie (D:11)
  18 killer bees
  3 wights (D:14)
  2 centaur zombies (D:11)
  12 crimson imps
  A jelly (D:5)
  6 quasits
  10 orc wizards
  8 hounds
  12 orc priests
  3 bullfrog skeletons
  A gnoll shaman (D:9)
  An iron imp (Depths:2)
  5 iguanas
  9 worker ants
  7 ogre zombies (D:11)
  13 gnolls
  13 adders
  A howler monkey skeleton (D:10)
  2 shadow imps
  4 ufetubi (Depths:2)
  An ooze (D:2)
  2 adder skeletons
  5 worms
  4 dart slugs
  6 leopard geckos
  61 orcs
  6 ball pythons (Sewer)
  8 giant cockroaches
  23 goblins
  36 hobgoblins
  12 jackals
  6 bats (D:1)
  8 frilled lizards
  A goblin skeleton (D:11)
  2 goblin zombies (D:11)
  A hobgoblin skeleton (D:11)
  3 hobgoblin zombies (D:11)
  21 kobolds
  A leopard gecko skeleton (D:5)
  A leopard gecko zombie (D:9)
  3 orc skeletons (D:11)
  13 orc zombies (D:11)
  12 rats
  A fire vortex (Depths:1)
  9 plants
756 creatures vanquished.

Vanquished Creatures (collateral kills)
  A shadow dragon (Depths:2)
  Louise (D:14)
  A yak (D:11)
  2 orc zombies (D:11)
5 creatures vanquished.

Vanquished Creatures (others)
  A fire giant (Depths:2)
  A quasit (D:10)
  8 plants
10 creatures vanquished.

Grand Total: 771 creatures vanquished

Notes
Turn   | Place    | Note
-------+----------+-------------------------------------------
     0 | D:1      | radhat240 the Minotaur Fighter began the quest for the Orb.
     0 | D:1      | Reached XP level 1. HP: 19/19 MP: 0/0
   254 | D:1      | Reached XP level 2. HP: 24/27 MP: 1/1
   352 | D:1      | Reached XP level 3. HP: 9/33 MP: 2/2
  1117 | D:2      | Reached skill level 4 in Shields
  1284 | D:2      | Reached XP level 4. HP: 36/40 MP: 3/3
  1515 | D:2      | Found a shadowy altar of Dithmenos.
  1519 | D:2      | Found a basalt altar of Yredelemnul.
  1519 | D:2      | Found a radiant altar of Vehumet.
  2510 | D:3      | Reached XP level 5. HP: 47/47 MP: 4/4
  2630 | D:4      | Reached skill level 5 in Fighting
  2733 | D:4      | Noticed a moth of wrath
  2736 | D:4      | Found a bloodstained altar of Trog.
  3307 | D:5      | Entered Level 5 of the Dungeon
  3329 | D:5      | Reached skill level 5 in Axes
  3329 | D:5      | Reached skill level 1 in Dodging
  3350 | D:5      | Reached XP level 6. HP: 56/56 MP: 5/5
  3791 | D:5      | Noticed an ice beast
  3797 | D:5      | Killed an ice beast
  3797 | D:5      | Reached skill level 5 in Armour
  3797 | D:5      | Reached XP level 7. HP: 62/62 MP: 6/6
  3831 | D:5      | Noticed Pikel
  3854 | D:5      | Killed Pikel
  3854 | D:5      | Reached skill level 1 in Stealth
  3854 | D:5      | Reached skill level 5 in Shields
  3854 | D:5      | Reached XP level 8. HP: 55/71 MP: 7/7
  4280 | D:6      | Found a staircase to the Ecumenical Temple.
  4295 | D:6      | Found a glowing drain.
  4349 | Sewer    | Entered a sewer
  5080 | Temple   | Entered the Ecumenical Temple
  5096 | Temple   | Became a worshipper of Makhleb the Destroyer
  5118 | D:6      | Reached skill level 6 in Shields
  5417 | D:6      | Found a shattered altar of Ashenzari.
  5449 | D:6      | Found an ancient bone altar of Kikubaaqudgha.
  5587 | D:6      | Reached skill level 7 in Shields
  5872 | D:7      | Reached * piety under Makhleb
  5872 | D:7      | Reached XP level 9. HP: 67/79 MP: 8/8
  5896 | D:7      | Found a sacrificial altar of Ru.
  5954 | D:7      | Found a white marble altar of Elyvilon.
  6200 | D:7      | Noticed Harold
  6211 | D:7      | Killed Harold
  6211 | D:7      | Reached skill level 10 in Axes
  6842 | D:8      | Noticed Joseph
  6852 | D:8      | Killed Joseph
  6852 | D:8      | Reached skill level 8 in Shields
  6864 | D:8      | Found a flagged portal.
  6864 | D:8      | Noticed a two-headed ogre
  6865 | D:8      | Noticed a two-headed ogre
  6879 | Bailey   | Entered a bailey
  7032 | Bailey   | Reached ** piety under Makhleb
  7085 | Bailey   | Reached XP level 10. HP: 88/88 MP: 9/9
  7174 | Bailey   | Noticed an orc knight
  7174 | Bailey   | Noticed an orc warlord
  7174 | Bailey   | Noticed an orc knight
  7185 | Bailey   | Killed an orc knight
  7417 | Bailey   | Got a flickering jade ring
  7420 | Bailey   | Identified 2 scrolls of acquirement
  7420 | Bailey   | Acquired a +0 vorpal war axe
  7423 | Bailey   | Acquired 510 gold pieces
  7479 | Bailey   | Killed an orc warlord
  7479 | Bailey   | Reached skill level 9 in Shields
  7579 | D:8      | Killed a two-headed ogre
  7615 | D:8      | Reached *** piety under Makhleb
  7633 | D:8      | Killed a two-headed ogre
  7746 | D:8      | Gained mutation: Scrolls take you a little longer to read.
                  | [potion of mutation]
  7746 | D:8      | Gained mutation: You are partially covered in large bone
                  | plates. (SH +4) [potion of mutation]
  8018 | D:9      | Noticed a death yak
  8020 | D:9      | Reached XP level 11. HP: 97/97 MP: 10/10
  8021 | D:9      | Found a staircase to the Lair.
  8033 | D:9      | Killed a death yak
  8158 | D:9      | Noticed Erolcha
  8166 | D:9      | Killed Erolcha
  8166 | D:9      | Reached skill level 10 in Shields
  8378 | D:9      | Found a snail-covered altar of Cheibriados.
  8655 | D:9      | Noticed Erica
  8658 | D:9      | Noticed Psyche
  8677 | D:9      | Killed Psyche
  8686 | D:9      | Killed Erica
  8827 | D:9      | Reached **** piety under Makhleb
  9268 | Lair:1   | Entered Level 1 of the Lair of Beasts
  9268 | Lair:1   | Noticed an eight-headed hydra
  9298 | D:10     | Entered Level 10 of the Dungeon
  9454 | D:10     | Reached skill level 10 in Fighting
  9614 | D:10     | Reached skill level 10 in Armour
  9832 | D:10     | Identified the ring of Keihuv {MR++ MP+9} (You found it in
                  | a bailey)
  9862 | D:10     | Noticed an unseen horror
  9870 | D:10     | Killed an unseen horror
  9870 | D:10     | Reached skill level 11 in Shields
  9881 | D:10     | Noticed a deep elf mage
  9885 | D:10     | Reached XP level 12. HP: 84/107 MP: 11/11
  9886 | D:10     | Noticed an ogre mage
  9897 | D:10     | Killed an ogre mage
  9897 | D:10     | Reached skill level 15 in Axes
 10181 | D:11     | Reached ***** piety under Makhleb
 10305 | D:11     | Noticed a two-headed hydra
 10321 | D:11     | Killed a 13-headed hydra
 10549 | D:11     | Found a staircase to the Orcish Mines.
 10763 | D:11     | Noticed a two-headed ogre
 10773 | D:11     | Killed a two-headed ogre
 10835 | D:11     | Noticed Gastronok
 10856 | D:11     | Killed Gastronok
 10856 | D:11     | Reached skill level 12 in Shields
 11388 | D:12     | Noticed a two-headed ogre
 11402 | D:12     | Killed a two-headed ogre
 11402 | D:12     | Reached XP level 13. HP: 116/116 MP: 12/12
 11442 | D:12     | Found Futronu's Armour Boutique.
 11451 | D:12     | Bought a +0 tower shield of protection for 149 gold pieces
 11505 | D:12     | Reached ****** piety under Makhleb
 11661 | D:12     | Found an opulent altar of Gozag.
 11853 | D:12     | Reached skill level 13 in Shields
 12474 | D:13     | Found Kot Dyt's Antique Armour Shoppe.
 12728 | D:13     | Reached skill level 14 in Shields
 12767 | D:13     | Found Emyit's Book Boutique.
 12994 | D:14     | Noticed a fire dragon
 13011 | D:14     | Killed a fire dragon
 13308 | D:14     | You fall into a shaft and drop 1 floor!
 13308 | D:15     | Entered Level 15 of the Dungeon
 13333 | D:15     | Found a shimmering altar of Xom.
 13434 | D:15     | Reached skill level 15 in Shields
 13440 | D:15     | Reached XP level 14. HP: 127/127 MP: 13/13
 13477 | D:15     | Found the +10 Black Knight's horse barding {ponderous,
                  | rPois rN+}
 14201 | D:14     | Noticed Louise
 14221 | D:14     | Killed Louise
 14367 | D:14     | Found a gate to the Vaults.
 14846 | D:15     | Reached skill level 16 in Shields
 14865 | D:15     | Found a staircase to the Depths.
 15410 | Depths:1 | Entered Level 1 of the Depths
 15410 | Depths:1 | Found a magical portal.
 15436 | WizLab   | Entered Doroklohe's Tomb
 15679 | WizLab   | Noticed a greater mummy
 15680 | WizLab   | Noticed an emperor scorpion
 15680 | WizLab   | Noticed an emperor scorpion
 15684 | WizLab   | Noticed an emperor scorpion
 15684 | WizLab   | Noticed an emperor scorpion
 15684 | WizLab   | Noticed an emperor scorpion
 15684 | WizLab   | Noticed an emperor scorpion
 15996 | Depths:1 | Reached skill level 17 in Shields
 16018 | Depths:1 | Found a gateway to Hell.
 16029 | Depths:1 | Paralysed by a great orb of eyes for 4 turns
 16086 | Depths:1 | Found Hoifiemm's Jewellery Shop.
 16149 | Depths:1 | Reached XP level 15. HP: 136/136 MP: 14/14
 16318 | Depths:1 | Noticed a fire giant
 16338 | Depths:1 | Killed a fire giant
 16353 | Depths:1 | Found a one-way gate to the infinite horrors of the Abyss.
 16357 | Depths:1 | Noticed a sphinx
 16375 | Depths:1 | Killed a sphinx
 16496 | Depths:1 | Noticed a fire giant
 16519 | Depths:1 | Killed a fire giant
 16534 | Depths:1 | Found a one-way gate leading to the halls of Pandemonium.
 16555 | Depths:1 | Found Lorach Rimast's Assorted Antiques.
 16571 | Depths:1 | Reached skill level 18 in Shields
 16619 | Depths:1 | Found Puxkaxus's Jewellery Shop.
 16620 | Depths:1 | Found Tegelebb's Gadget Emporium.
 16621 | Depths:1 | Found Enejieq's Jewellery Shop.
 16722 | Depths:1 | Found Quzayc's Book Boutique.
 17111 | Depths:2 | Paralysed by a great orb of eyes for 7 turns
 17953 | Depths:2 | Noticed a fire giant
 17957 | Depths:2 | Reached skill level 19 in Shields
 17963 | Depths:2 | Reached skill level 5 in Dodging
 17970 | Depths:2 | Killed a fire giant
 17977 | Depths:2 | Reached XP level 16. HP: 90/147 MP: 15/15
 18059 | Depths:2 | Paralysed by a floating eye for 4 turns
 18060 | Depths:2 | Noticed a shadow dragon
 18339 | Depths:2 | Reached skill level 15 in Fighting
 18382 | Depths:2 | Noticed a lich
 18393 | Depths:2 | Killed a lich
 18852 | Depths:2 | Killed a shadow dragon
 19415 | Depths:3 | HP: 5/149 [deep troll shaman (9)]
 19415 | Depths:3 | Mangled by a deep troll

Illustrated notes

Levels and vault maps discovered:
D:1:      dpeg_arrival_snail, layout_basic
D:2:      layout_basic, chequers_temple_overflow_statue_of_worship,
          minmay_hedge_maze, minmay_misc_feat_five
D:3:      layout_basic
D:4:      layout_loops_ring, tgw_trog, first_ration, minmay_distorted
D:5:      layout_basic, kennysheep_nub, minmay_fractal_squares_diagonal_5,
          uniq_pikel
D:6:      layout_loops_ring, kennysheep_mini_moat,
          minmay_temple_entry_overgrown, gup_sewer_entry_glass,
          cheibrodos_ashenzari_chains
D:7:      layout_layer_cave, nicolae_overflow_crystal_walls,
          lemuel_doored_altar, uniq_harold
D:8:      layout_rooms, enter_bailey_6, uniq_joseph
D:9:      layout_layer_cave, cheibriados_altar_1, david_lair_generic,
          uniq_psyche, uniq_erica, uniq_erolcha
D:10:     minmay_slanted_spiral_squares, layout_loops_ring
D:11:     layout_long_grid, zombieorc2_lemuel, hangedman_ranch
          [blue_anna_fruit_fields], uniq_gastronok
D:12:     layout_loops_ring, serial_shops, shop, chequers_avenue,
          nicolae_gozag_seed_capital
D:13:     layout_basic, serial_shops, shop, nicolae_shop_crystal,
          minmay_beelzebubs_servants
D:14:     layout_grid_maze, david_vaults_5, minmay_misc_feat_room, uniq_louise
D:15:     gammafunk_enter_depths_forms, layout_stronghold,
          corexii_hall_statues_i, basic_altar
Temple:   eino_narrow_crystal_temple
Lair:1:   layout_loops_ring, infiniplex_staircase_pool
Depths:1: layout_gridlike, nicolae_lava_and_water, serial_shops, shop,
          nicolae_shop_trees, shop, pan_entry, abyss_entry, grunt_hell_horde,
          lightli_enter_wizlab_magi_temple, st_stairs_11, kennysheep_boxes,
          minmay_shop_grove, serial_bayou_shore_b
Depths:2: evilmike_diamond_2, layout_long_grid, grunt_pan_entry_spiral,
          hex_medium, hangedman_geh_valley
Depths:3: minmay_mutant_horseshoe, layout_long_grid, rand_demon_pan_entry_5,
          infiniplex_staircase_x, minmay_room_of_horrors, hell_entry,
          serial_bayou_shore_b, minmay_shop_star

Skill      XL: |  1  2  3  4  5  6  7  8  9 10 11 12 13 14 15 16 |
---------------+-------------------------------------------------+-----
Fighting       | 4 5 6 7 8 9 10 11 12 13 14 15 | 15.3
Axes           | 3 4 5 6 7 8 11 13 14 16 17 18 | 18.4
Armour         | 4 5 6 8 9 10 11 12 13 14 | 14.0
Shields        | 4 5 7 8 9 11 12 15 17 19 | 19.9
Dodging        | 1 2 3 5 6 |  6.2
Stealth        | 1 |  1.8
Invocations    | |  0.9
Evocations     | |  0.1

Action                   |  1- 3 |  4- 6 |  7- 9 | 10-12 | 13-15 | 16-18 || total
-------------------------+-------+-------+-------+-------+-------+-------++-------
Melee: War axe           |   100 |   151 |   300 |   584 |   952 |   186 ||  2273
       Headbutt          |    16 |    25 |    69 |   167 |   265 |    58 ||   600
Invok: Minor Destruction |       |       |       |     1 |     1 |       ||     2
       Lesser Servant of |       |       |       |       |     1 |       ||     1
       Major Destruction |       |       |       |       |     1 |       ||     1
Evoke: Wand              |       |       |       |     1 |     2 |       ||     3
  Use: Scroll            |     1 |     5 |    10 |    20 |     8 |     5 ||    49
       Potion            |       |     1 |     1 |    11 |     8 |     2 ||    23
 Stab: Distracted        |       |       |       |     1 |       |       ||     1
       Paralysed         |       |       |       |       |     2 |       ||     2
  Eat: Chunk             |     1 |     5 |     8 |     9 |     9 |     1 ||    33
       Ration            |       |     1 |     1 |     3 |     3 |     1 ||     9
Armor: Scale mail        |    48 |    68 |       |       |       |       ||   116
       Plate armour      |       |       |   122 |   235 |   269 |    94 ||   720
Dodge: Dodged            |    30 |    65 |    65 |   125 |   128 |    31 ||   444
       Repelled          |       |       |       |       |     8 |     2 ||    10
Block: Kite shield       |    47 |    81 |   180 |   493 |    10 |       ||   811
       Tower shield      |       |       |       |       |  1223 |   276 ||  1499
